 Dungeon Crawl Stone Soup version 0.18-a0-1109-gfc003ac (webtiles) character file.

18785 4thArraOfDagon the Severer (level 12, -7/108 HPs)
             Began as a Hill Orc Berserker on Jan 16, 2016.
             Was an Elder of Trog.
             Mangled by a sun demon (14 damage)
             ... summoned by a deep elf mage
             ... on level 2 of the Orcish Mines.
             The game lasted 00:22:21 (3189 turns).

4thArraOfDagon the Severer (Hill Orc Berserker)     Turns: 3189, Time: 00:22:22

Health: -7/108     AC: 13    Str: 28    XL:     12   Next: 62%
Magic:  12/12      EV:  8    Int:  7    God:    Trog [****..]
Gold:   722        SH:  0    Dex: 10    Spells: 0 memorised, 11 levels left

rFire  . . .     SeeInvis .     A - +0 broad axe
rCold  + . .     Gourm    .     f - +0 plate armour
rNeg   . . .     Faith    .     (no shield)
rPois  .         Spirit   .     (no helmet)
rElec  .         Dismiss  .     (no cloak)
rCorr  .         Reflect  .     m - +1 pair of gloves {Str+3}
SustAt .         Harm     .     x - +2 pair of boots
MR     .....                    (no amulet)
Stlth  ..........               (no ring)
                                z - ring of ice

@: exhausted, corroded equipment, slowed, very slow, not resistant to hostile
enchantments, extremely unstealthy
A: fire resistance 1, subdued magic 1
a: Berserk, Trog's Hand, Brothers in Arms, Burn Spellbooks, Renounce Religion


You were on level 2 of the Orcish Mines.
You worshipped Trog.
Trog was greatly pleased with you.
You were near starving.

You visited 2 branches of the dungeon, and saw 14 of its levels.

You collected 722 gold pieces.

Inventory:

Hand Weapons
 a - a +0 hand axe
 b - a +1 hand axe of freezing
 d - a +0 blowgun
 g - a +0 battleaxe
 r - the +6 flail "Urchaotio" {crush, rC++ Dex-4 SInv Stlth+}
   (You found it on level 9 of the Dungeon)

   It inflicts extra damage upon your enemies.
   It affects your dexterity (-4).
   It greatly protects you from cold.
   It lets you see invisible.
   It makes you more stealthy.
 v - a +0 blowgun
 A - a +0 broad axe (weapon)
Missiles
 h - 29 poisoned needles
Armour
 f - a +0 plate armour (worn)
 m - a +1 pair of gloves of strength (worn)
 x - a +2 pair of boots (worn)
 y - a troll hide
 B - a +0 chain mail of positive energy
Jewellery
 z - a ring of ice (left hand)
Wands
 o - a wand of random effects (17/48)
 q - a wand of heal wounds (0/9)
Scrolls
 e - a scroll of enchant weapon
 n - a scroll of amnesia {unknown}
 w - 2 scrolls of recharging {unknown}
Potions
 j - a potion of curing
 k - a potion of ambrosia {unknown}
 l - a potion of flight {unknown}
 p - a potion of heal wounds {unknown}
Comestibles
 c - 2 bread rations
 i - 2 meat rations
 s - 5 chunks of flesh
 t - 3 fruits
 u - 2 beef jerkies


   Skills:
 + Level 10.8 Fighting
 * Level 18.6 Axes
 + Level 11.7 Armour
 - Level 1.5 Dodging


You had 11 spell levels left.
You didn't know any spells.

Dungeon Overview and Level Annotations

Branches:
Dungeon (12/15)              Lair (0/8) D:9             Orc (2/2) D:12
    Elf (0/3) Orc:2
 Temple: D:4-7

Altars:
Fedhas
Nemelex Xobeh
The Shining One
Beogh

Shops:
Orc:1 (

Annotations:
D:3 Sigmund
D:4 4thArraOfDagon's ghost, weakling HOBe
D:7 Pikel
D:8 Joseph
Orc:1 FLAMING, Fannar


Innate Abilities, Weirdness & Mutations

Your flesh is heat resistant.
Your spells are a little easier to cast, but a little less powerful.


Message History

The deep elf mage barely misses your polar bear.
The deep elf mage hits you but does no damage.
The ice devil hits your polar bear but does no damage.
The orange demon stings you from afar.
* * * LOW HITPOINT WARNING * * *
Unknown command.
Unknown command.
You hit the deep elf mage.
The deep elf mage is lightly wounded.
You slash the sun demon!
The sun demon is severely wounded.
You closely miss the rust devil.
The rust devil is lightly wounded.
Your polar bear bites the ice devil but does no damage.
Your polar bear claws the ice devil but does no damage.
Your polar bear barely misses the ice devil.
The sun demon hits you!
* * * LOW HITPOINT WARNING * * *
You are engulfed in flames!
You die...

# ##....))..<..##......#
##..†<.....#.#.#...#
#...[.[...#........###
#.............#..#.#..#.
##......................
#.......$........#....#.
....$............##.....#
.......##................
..o...# ###..@4.$........
##.3e$.........
#.#.h44).######.
#....)e)..#
##......).....e.
.$.........#....#
...........######
.............
......#.......


You could see a sun demon, an orange demon, an ice devil, a rust devil, 2 deep
elf magi and a friendly polar bear (berserk).

Vanquished Creatures
  2 orc warlords
  Snorg (Orc:2)
  Harold (D:12)
  A hydra (D:12)
  Erica (Orc:2)
  An unseen horror (D:11)
  A hill giant (D:11)
  11 deep elf magi
  4 ugly things
  2 cyclopes
  2 trolls (D:12)
  Grinder (D:6)
  A two-headed ogre (Orc:2)
  A shadow (D:12)
  2 wyverns (D:12)
  A fire elemental (D:12)
  A yak (D:9)
  A hippogriff (D:12)
  5 wargs
  13 orc warriors
  2 sky beasts
  A necrophage (D:9)
  4 ogres
  2 crocodiles
  A big kobold (D:11)
  3 giant frogs
  2 scorpions
  7 killer bees (D:12)
  3 wights (D:12)
  5 crimson imps
  A jelly (D:11)
  2 hounds
  11 orc priests
  2 centaur skeletons
  A giant frog skeleton (D:12)
  9 orc wizards
  2 worker ants (D:7)
  A hound zombie (D:11)
  2 hound skeletons
  An adder (D:9)
  An adder zombie (D:7)
  5 giant geckos
  59 orcs
  2 bats
  A giant cockroach (D:3)
  A goblin (D:2)
  A hobgoblin (D:2)
  4 jackals (D:9)
  8 kobolds
  2 quokkas
  A giant newt (D:5)
  2 rats (D:2)
202 creatures vanquished.

Notes
Turn   | Place    | Note
--------------------------------------------------------------
     0 | D:1      | 4thArraOfDagon the Hill Orc Berserker began the quest for the Orb.
     0 | D:1      | Reached XP level 1. HP: 19/19 MP: 1/1
    29 | D:2      | Reached XP level 2. HP: 27/27 MP: 2/2
   144 | D:3      | Noticed Sigmund
   165 | D:4      | Noticed 4thArraOfDagon's ghost (weakling HOBe)
   168 | D:5      | Entered Level 5 of the Dungeon
   168 | D:5      | Noticed a giant frog
   179 | D:5      | Killed a giant frog
   179 | D:5      | Reached skill level 5 in Axes
   179 | D:5      | Reached XP level 3. HP: 21/34 MP: 3/3
   179 | D:5      | Reached XP level 4. HP: 25/41 MP: 4/4
   335 | D:6      | Noticed Grinder
   335 | D:6      | Paralysed by Grinder for 3 turns
   344 | D:6      | Killed Grinder
   344 | D:6      | Reached skill level 5 in Fighting
   344 | D:6      | Reached skill level 6 in Axes
   344 | D:6      | Reached XP level 5. HP: 40/48 MP: 5/5
   344 | D:6      | Reached XP level 6. HP: 46/56 MP: 6/6
   378 | D:6      | Reached skill level 7 in Axes
   474 | D:7      | Noticed Pikel
   476 | D:7      | Noticed a slave
   549 | D:7      | Reached XP level 7. HP: 62/62 MP: 7/7
   559 | D:7      | Reached ** piety under Trog
   562 | D:7      | Reached skill level 8 in Axes
   646 | D:8      | Found a glowing golden altar of the Shining One.
   665 | D:8      | Noticed Joseph
   833 | D:9      | Got a transparent flail
   841 | D:9      | Identified the +6 flail "Urchaotio" {crush, rC++ Dex-4 SInv Stlth+} (You found it on level 9 of the Dungeon)
   918 | D:9      | Found a staircase to the Lair.
   918 | D:9      | Noticed an elephant
   918 | D:9      | Noticed a yak
   944 | D:9      | Killed a yak
   944 | D:9      | Reached skill level 9 in Axes
   944 | D:9      | Reached skill level 5 in Armour
   944 | D:9      | Reached XP level 8. HP: 71/71 MP: 8/8
  1007 | D:9      | Found a blossoming altar of Fedhas.
  1096 | D:10     | Entered Level 10 of the Dungeon
  1170 | D:11     | Noticed a red ugly thing
  1177 | D:11     | Killed a red ugly thing
  1177 | D:11     | Reached skill level 10 in Axes
  1219 | D:11     | Noticed a brown ugly thing
  1236 | D:11     | Killed a brown ugly thing
  1236 | D:11     | Reached skill level 11 in Axes
  1236 | D:11     | Reached XP level 9. HP: 80/80 MP: 9/9
  1292 | D:11     | Noticed a hill giant
  1293 | D:11     | Noticed a brown ugly thing
  1305 | D:11     | Killed a brown ugly thing
  1312 | D:11     | Killed a hill giant
  1312 | D:11     | Reached skill level 12 in Axes
  1368 | D:11     | Noticed an unseen horror
  1384 | D:11     | Killed an unseen horror
  1384 | D:11     | Reached skill level 13 in Axes
  1384 | D:11     | Reached XP level 10. HP: 37/90 MP: 10/10
  1526 | D:12     | Noticed a cyclops
  1533 | D:12     | Killed a cyclops
  1550 | D:12     | Noticed a centaur warrior
  1793 | D:12     | Reached skill level 10 in Fighting
  1846 | D:12     | Noticed a four-headed hydra
  1864 | D:12     | Killed a four-headed hydra
  1864 | D:12     | Reached skill level 14 in Axes
  1921 | D:12     | Found a roughly hewn altar of Beogh.
  1923 | D:12     | Found a staircase to the Orcish Mines.
  2028 | D:12     | Noticed a white ugly thing
  2036 | D:12     | Killed a white ugly thing
  2046 | D:12     | Gained mutation: Your spells are a little easier to cast, but a little less powerful. [mutagenic meat]
  2047 | D:12     | Gained mutation: Your flesh is heat resistant. [mutagenic meat]
  2048 | D:12     | Gained mutation: Your spells are easier to cast, but less powerful. [mutagenic meat]
  2050 | D:12     | Lost mutation: Your spells are easier to cast, but less powerful. [mutagenic meat]
  2065 | D:12     | Noticed Harold
  2065 | D:12     | Noticed a deep elf mage
  2100 | D:12     | Reached XP level 11. HP: 99/99 MP: 11/11
  2109 | D:12     | Killed Harold
  2109 | D:12     | Reached skill level 15 in Axes
  2148 | D:12     | Found a sparkling altar of Nemelex Xobeh.
  2176 | D:12     | Killed a deep elf mage
  2399 | Orc:1    | Entered Level 1 of the Orcish Mines
  2411 | Orc:1    | Found Turhich's Weapon Shop.
  2411 | Orc:1    | Noticed an orc warlord
  2481 | D:12     | Reached skill level 16 in Axes
  2481 | D:12     | Reached skill level 10 in Armour
  2495 | D:12     | Killed an orc warlord
  2669 | Orc:1    | Reached *** piety under Trog
  2734 | Orc:1    | Noticed a cyclops
  2749 | Orc:1    | Killed a cyclops
  2844 | Orc:1    | Noticed Fannar
  2845 | Orc:1    | Noticed Snorg
  2865 | Orc:2    | Entered Level 2 of the Orcish Mines
  2921 | Orc:2    | Reached skill level 17 in Axes
  2948 | Orc:2    | Found a staircase to the Elven Halls.
  2995 | Orc:1    | Noticed Erica
  2995 | Orc:1    | Noticed an orc sorcerer
  2997 | Orc:1    | Noticed an orc warlord
  3001 | Orc:1    | Noticed a sixfirhy
  3008 | Orc:2    | Noticed an orc warlord
  3012 | Orc:2    | Killed Erica
  3015 | Orc:2    | Killed Snorg
  3015 | Orc:2    | Reached XP level 12. HP: 106/106 MP: 12/12
  3067 | Orc:2    | Reached **** piety under Trog
  3088 | Orc:2    | Killed an orc warlord
  3151 | Orc:2    | Reached skill level 18 in Axes
  3181 | Orc:2    | Noticed a sun demon
  3189 | Orc:2    | Mangled by a sun demon

Vault maps used:
D:1:      dpeg_arrival_renting, serial_forest, infiniplex_forest_fountain,
          infiniplex_forest_lined_1, infiniplex_forest_zigzag_1,
          infiniplex_forest_end_2, infiniplex_forest_straight_3
D:2:      uniq_jessica
D:3:      uniq_sigmund, uniq_iyjb
D:5:      first_bread, minmay_misc_feat_alley
D:6:      serial_shops, shop, uniq_grinder
D:7:      minmay_temple_entry_enclosed_plants, uniq_pikel
D:8:      old_standard_altar, minitemple, uniq_joseph
D:9:      fedhas_altar_fruit_tree, david_lair_generic, basic_altar
D:10:     basic_altar, uniq_sonja
D:11:     grunt_livestock, uniq_josephine, uniq_psyche, uniq_maud
D:12:     david_orc_5, kennysheep_diamond, uniq_harold
Orc:1:    serial_shops, shop, uniq_snorg, uniq_fannar, uniq_erica
Orc:2:    st_orc_elflike, elves_outpost_lemuel

Action                   |  1- 3 |  4- 6 |  7- 9 | 10-12 || total
-------------------------+-------+-------+-------+-------++-------
Melee: Hand axe          |    38 |    21 |    73 |   195 ||   327
       Flail             |       |       |    83 |    29 ||   112
       Broad axe         |       |       |       |   121 ||   121
       Battleaxe         |       |       |       |    12 ||    12
Invok: Berserk           |     2 |     3 |     4 |    20 ||    29
       Trog's Hand       |       |       |     6 |    16 ||    22
       Brothers in Arms  |       |       |       |     1 ||     1
Evoke: Wand              |       |       |       |     5 ||     5
  Use: Scroll            |       |     1 |     7 |     2 ||    10
       Potion            |       |       |       |     2 ||     2
  Eat: Chunk             |       |     1 |     5 |    34 ||    40
       Pizza             |       |     1 |       |       ||     1
       Fruit             |       |       |     5 |       ||     5
